 Dungeon Crawl Stone Soup version 0.26-a0-665-gefeb406119 (webtiles) character file.

Game seed: 10242728942827433855

5527 raphialitos the Cleaver (level 10, -3/88 HPs)
             Began as a Hill Orc Fighter on Oct 14, 2020.
             Was a Believer of Beogh.
             Killed by divine providence
             ... invoked by an orc priest
              (11 damage)
             ... on level 9 of the Dungeon.
             The game lasted 00:22:55 (8628 turns).

raphialitos the Cleaver (Hill Orc Fighter)          Turns: 8628, Time: 00:22:55

Health: -3/88      AC: 17    Str: 23    XL:     10   Next: 70%
Magic:  7/10       EV:  9    Int:  8    God:    Beogh [**....]
Gold:   481        SH:  0    Dex: 10    Spells: 9/9 levels left

rFire    . . .     SeeInvis +   i - +3 hand axe (flame)
rCold    . . .     Faith    .   (no shield)
rNeg     . . .     Spirit   .   u - +2 chain mail
rPois    +         Reflect  .   Q - +2 hat
rElec    .         Harm     .   G - +0 cloak {rCorr}
rCorr    +         Rampage  .   (no gloves)
MR       .....                  x - +0 pair of boots
Stlth    ..........             L - amulet of regeneration
HPRegen  0.64/turn              k - ring of poison resistance
MPRegen  0.12/turn              l - ring of see invisible

@: no status effects
A: no striking features
a: Smiting, Renounce Religion


You were on level 9 of the Dungeon.
You worshipped Beogh.
Beogh was pleased with you.
You visited 2 branches of the dungeon, and saw 10 of its levels.

You collected 638 gold pieces.
You spent 157 gold pieces at shops.

Inventory:

Hand Weapons
 i - a +3 hand axe of flaming (weapon)
 y - a +6 battleaxe
Missiles
 b - 19 boomerangs (quivered)
 m - 187 arrows
 o - 9 bolts
 r - 33 sling bullets
 D - 6 atropa-tipped darts
 F - 23 poisoned darts
 J - a throwing net
Armour
 c - a +0 kite shield
 j - a scarf of resistance
 u - a +2 chain mail (worn)
 x - a +0 pair of boots (worn)
 G - a +0 cloak of preservation (worn)
 Q - a +2 hat (worn)
Jewellery
 k - a ring of poison resistance (left hand)
 l - a ring of see invisible (right hand)
 q - an uncursed ring of positive energy
 L - an amulet of regeneration (around neck)
 N - an uncursed amulet of the acrobat
Wands
 M - a wand of disintegration (18)
Scrolls
 a - a scroll of enchant armour
 e - 5 scrolls of amnesia
 h - 5 scrolls of teleportation
 v - a scroll of random uselessness {unknown}
 B - a scroll of blinking
 E - a scroll of fog
 H - 3 scrolls of remove curse
 I - a scroll of identify
Potions
 d - 6 potions of might
 f - a potion of invisibility
 g - 6 potions of curing
 n - a potion of berserk rage
 p - 2 potions of stabbing
 s - 3 potions of brilliance
 t - a potion of ambrosia {unknown}
 w - 3 potions of flight
 z - a potion of lignification {unknown}
 A - a potion of mutation
 C - a potion of magic
 K - a potion of heal wounds {unknown}


   Skills:
 + Level 8.2 Fighting
 + Level 13.2 Axes
 + Level 8.6 Armour
 + Level 2.1 Dodging
 + Level 0.6 Stealth
 + Level 7.7 Shields
 + Level 0.2 Invocations


You had 9 spell levels left.
You didn't know any spells.
Your spell library was empty.

Dungeon Overview and Level Annotations

Branches:
Dungeon (9/15)             Temple (1/1) D:4
   Lair: D:8-11         Orc: D:9-12

Altars:
Ashenzari
Cheibriados
Dithmenos
Elyvilon
Fedhas
Gozag
Hepliaklqana
Kikubaaqudgha
Makhleb
Nemelex Xobeh
Okawaru
Qazlal
Ru
Sif Muna
Trog
Uskayaw
Vehumet
Wu Jian
Xom
Zin
The Shining One

Shops:
D:6 *   D:9 ?


Message History

The orc priest hits you but does no damage.
The one-headed hydra bites you but does no damage.
You hit the orc priest. You burn the orc priest.
The orc priest is severely wounded.
You hit the orc priest. You burn the orc priest.
You kill the orc priest!
Beogh accepts your kill.
Beogh appreciates your killing of a heretic priest.
You lop the one-headed hydra's last head off!
You kill the one-headed hydra!
Beogh accepts your kill.
Your life force feels restored.
Your Fighting skill increases to level 8!
Your Axes skill increases to level 13!
You completely miss the orc priest.
The orc priest is severely wounded.
The orc priest mumbles some strange prayers to Beogh against you.
Beogh smites you!
You die...
Beogh appreciates the orc priest's killing of a heretic priest.

#............##
.............#
.#########..# .
.......'..# #
.......#..+ .
.......#..######.#
##.....#.........#
#....##..)..)...#
#....#...@......#
#....#...)o.....#
#....#...........
+...........
#...........
#...........
#...........
#...#####...


You could see an orc priest.

Vanquished Creatures
  A hydra (D:9)
  A two-headed ogre (D:9)
  2 orc warriors
  5 ice beasts
  A sky beast (D:7)
  3 phantoms
  4 ogres
  6 centaurs
  5 bullfrogs
  5 scorpions
  18 wights
  4 killer bees (D:7)
  A bullfrog zombie (D:9)
  A quasit (D:9)
  A centaur zombie (D:8)
  3 hounds
  An orc priest (D:9)
  2 jellies
  2 iguanas
  3 worker ants
  4 orc wizards
  A killer bee zombie (D:7)
  2 hound zombies
  2 hound skeletons
  Robin (D:3)
  2 worker ant zombies
  4 gnolls (D:5)
  7 adders
  A shadow imp (D:9)
  4 white imps
  2 oozes
  4 ufetubi
  An adder skeleton (D:9)
  A worm (D:2)
  3 dart slugs
  7 leopard geckos
  20 orcs
  2 ball pythons
  5 bats
  3 giant cockroaches
  19 goblins
  5 hobgoblins
  13 jackals
  6 kobolds
  7 quokkas
  4 frilled lizards
  6 rats
205 creatures vanquished.

Vanquished Creatures (others)
  A wizard (D:5)
  A goblin (D:3)
2 creatures vanquished.

Grand Total: 207 creatures vanquished

Notes
Turn   | Place    | Note
-------+----------+-------------------------------------------
     0 | D:1      | raphialitos the Hill Orc Fighter began the quest for the
                  | Orb.
     0 | D:1      | Reached XP level 1. HP: 19/19 MP: 1/1
   168 | D:1      | Reached XP level 2. HP: 27/27 MP: 2/2
   403 | D:1      | Reached skill level 3 in Axes
   576 | D:1      | Reached XP level 3. HP: 33/33 MP: 3/3
   833 | D:2      | Found a faded altar of an unknown god.
  1272 | D:3      | Reached XP level 4. HP: 38/40 MP: 4/4
  1390 | D:3      | Noticed Robin
  1407 | D:3      | Killed Robin
  1407 | D:3      | Reached skill level 4 in Axes
  1560 | D:3      | Reached XP level 5. HP: 45/46 MP: 5/5
  1618 | D:3      | Noticed a centaur
  1628 | D:3      | Killed a centaur
  1628 | D:3      | Reached skill level 5 in Axes
  1877 | D:4      | Reached XP level 6. HP: 52/52 MP: 6/6
  2023 | D:4      | Reached skill level 6 in Axes
  2657 | D:4      | Found a staircase to the Ecumenical Temple.
  2658 | D:4      | Became a worshipper of Beogh the Brigand
  2696 | Temple   | Entered the Ecumenical Temple
  2852 | D:5      | Entered Level 5 of the Dungeon
  2862 | D:5      | Reached XP level 7. HP: 57/60 MP: 7/7
  2920 | D:5      | Reached skill level 5 in Fighting
  3045 | D:5      | Reached skill level 5 in Armour
  3045 | D:5      | Reached skill level 5 in Shields
  3305 | D:5      | Reached skill level 7 in Axes
  3359 | D:5      | Reached XP level 8. HP: 54/70 MP: 8/8
  3789 | D:5      | Found a bloodstained altar of Trog.
  3792 | D:5      | Noticed a wizard
  3797 | D:5      | Killed a wizard
  3844 | D:5      | Reached * piety under Beogh
  3844 | D:5      | Reached skill level 8 in Axes
  4220 | D:6      | Reached skill level 1 in Dodging
  4530 | D:6      | Reached skill level 9 in Axes
  4579 | D:6      | Found Pyicw's Assorted Antiques.
  4587 | D:6      | Bought a runed cloak for 157 gold pieces
  4948 | D:6      | Reached XP level 9. HP: 77/78 MP: 9/9
  5725 | D:7      | Reached skill level 10 in Axes
  5796 | D:7      | Reached ** piety under Beogh
  6050 | D:7      | You fall into a shaft and drop 1 floor!
  6420 | D:7      | Reached skill level 11 in Axes
  7412 | D:8      | Reached XP level 10. HP: 76/86 MP: 10/10
  8042 | D:9      | Noticed a two-headed ogre
  8053 | D:9      | Reached skill level 12 in Axes
  8056 | D:9      | Killed a two-headed ogre
  8240 | D:9      | Found Beniac Voli's Magic Scroll Shoppe.
  8612 | D:9      | Noticed a five-headed hydra
  8627 | D:9      | Killed a one-headed hydra
  8627 | D:9      | Reached skill level 13 in Axes
  8628 | D:9      | Killed from afar by an orc priest

Illustrated notes

Levels and vault maps discovered:
D:1:      dpeg_arrival_castle, layout_loops_ring, minmay_tromino_v2
D:2:      layout_rooms, chequers_ecumenical_altar_twisty
D:3:      layout_rooms, uniq_robin
D:4:      layout_cave_pools, minmay_temple_entry_proselytizer
D:5:      layout_basic, fountainhead, trog_wizard
D:6:      layout_layer_cave, serial_shops, nicolae_shop_waterfront
D:7:      layout_loops_ring
D:8:      layout_layer_cave
D:9:      layout_irregular_city, lemuel_round_altar, serial_shops, shop,
          chequers_serial_rivers_micro_a, kennysheep_generic_room_11
Temple:   kilobyte_greek_temple

Skill      XL: |  1  2  3  4  5  6  7  8  9 10 |
---------------+-------------------------------+-----
Axes           | 3 4 5 6 7 9 11 13 | 13.2
Fighting       | 4 5 6 7 8 |  8.2
Armour         | 4 5 6 7 8 |  8.6
Shields        | 4 5 6 7 |  7.7
Dodging        | 1 2 |  2.1
Stealth        | |  0.6
Invocations    | |  0.2

Action                   |  1- 3 |  4- 6 |  7- 9 | 10-12 || total
-------------------------+-------+-------+-------+-------++-------
Melee: War axe           |    42 |       |       |       ||    42
       Hand axe          |    46 |   121 |   279 |     9 ||   455
       Battleaxe         |       |       |    97 |    66 ||   163
Invok: Convert to Beogh  |       |     1 |       |       ||     1
       Smiting           |       |       |       |     1 ||     1
  Use: Scroll            |     7 |     3 |     9 |     7 ||    26
Armor: Scale mail        |    33 |       |       |       ||    33
       Chain mail        |    12 |    65 |   181 |    52 ||   310
Dodge: Dodged            |    25 |    32 |    97 |    42 ||   196
Block: Kite shield       |    46 |    83 |   128 |       ||   257

Table legend: (Time is in decaauts)
 A = Elapsed time spent in this place.
 B = Non-inter-level travel time spent in this place.
 C = Inter-level travel time spent in this place.
 D = Time resting spent in this place.
 E = Time spent auto-exploring this place.
 F = Levels seen in this place.
 G = Mean time per level.
                   A        B        C        D        E       F      G
               +--------+--------+--------+--------+--------+-----+--------+
         Total |   8676 |   8404 |    272 |     47 |   6596 |  10 |  867.6 |
       Dungeon |   8538 |   8277 |    261 |     47 |   6471 |   9 |  948.7 |
        Temple |    137 |    126 |     11 |      0 |    125 |   1 |  137.0 |
               +--------+--------+--------+--------+--------+-----+--------+

Top non-repeatable levels by time:
     D:7: 1404 daAuts
     D:5: 1321 daAuts
     D:6: 1315 daAuts
     D:8: 1139 daAuts
     D:4: 853 daAuts
     D:1: 796 daAuts
     D:3: 619 daAuts
     D:9: 600 daAuts
     D:2: 486 daAuts
  Temple: 137 daAuts
